Map: [ESL] Stargazers

Players

Clem - Winner!

  • Race: Terran Terran
  • Spawn Location: 11:00

Serral

  • Race: Zerg Zerg
  • Spawn Location: 1:00

Event: DreamHack SC2 Masters 2022 Atlanta (Online)

VOD

Have the link to the VOD?

Description

Time

  • Played on: Oct. 16, 2022, 12:11 p.m.
  • Length: 17:39

All games in this series

Show
View Real Time Build Order
Export as new Build Order

Clem Terran - Winner!

Build Orders: Reaper Expand 

Get SALT Encoding   

  12  0:00  SCV  
  13  0:12  SCV  
  14  0:16  Supply Depot  
  14  0:25  SCV  
  15  0:38  SCV  
  15  0:39  Barracks  
  16  0:42  Refinery  
  16  0:50  SCV  
  17  1:02  SCV  
  18  1:14  SCV  
  19  1:26  Reaper, Orbital Command  
  20  1:39  Command Center  
  20  1:46  Supply Depot  
  20  1:52  SCV  
  21  1:58  Marine  
  22  2:04  SCV  
  23  2:10  Factory  
  23  2:16  SCV  
  23  2:20  Barracks Reactor  
  24  2:28  SCV  
  25  2:39  Command Center  
  25  2:42  SCV  
  26  2:50  Orbital Command  
  26  2:54  SCV  
  27  3:00  Barracks  
  27  3:06  SCV, Hellion  
  27  3:11  Hellion  
  32  3:15  Barracks Tech Lab  
  32  3:17  SCV  
  32  3:18  SCV  
  34  3:22  Refinery  
  34  3:29  SCV  
  34  3:30  SCV  
  34  3:33  Stimpack, Marine  
  37  3:41  SCV  
  38  3:43  SCV  
  39  3:50  Starport  
  39  3:51  Marine  
  39  3:53  SCV  
  39  3:54  Factory Reactor  
  41  3:55  Orbital Command  
  41  3:56  Marine  
  41  3:57  Supply Depot, Marine  
  41  3:59  SCV  
  44  4:05  SCV, Orbital Command  
  44  4:08  Marine  
  46  4:11  SCV  
  46  4:13  Marine  
  46  4:15  Marine  
  49  4:17  SCV  
  49  4:21  Supply Depot  
  49  4:23  SCV  
  51  4:26  Marine  
  51  4:29  SCV  
  51  4:30  SCV  
  54  4:31  Marine  
  54  4:34  Marine  
  54  4:35  SCV, Medivac  
  54  4:36  Medivac  
  61  4:41  SCV  
  61  4:43  Supply Depot, SCV  
  61  4:44  Marine  
  64  4:47  SCV  
  64  4:49  Marine  
  64  4:50  Engineering Bay  
  64  4:51  Engineering Bay, Refinery  
  66  4:53  SCV  
  66  4:54  Barracks  
  66  4:55  SCV, Marine  
  66  4:56  Factory Reactor  
  69  5:00  SCV  
  69  5:02  Marine  
  69  5:05  Refinery  
  69  5:06  Supply Depot, SCV  
  72  5:07  Marine  
  72  5:08  SCV  
  72  5:13  SCV, Combat Shield, Marine  
  76  5:18  SCV  
  76  5:20  Terran Infantry Weapons Level 1, Marine  
  78  5:23  SCV  
  78  5:26  SCV  
  80  5:30  Supply Depot, SCV  
  80  5:31  Terran Infantry Armor Level 1  
  80  5:32  Barracks x2  
  81  5:36  Supply Depot, SCV  
  81  5:38  SCV, Marine x3  
  87  5:44  SCV  
  87  5:47  Medivac  
  87  5:48  SCV  
  87  5:49  Medivac  
  93  5:51  SCV  
  93  5:53  Widow Mine  
  93  5:54  Barracks Reactor  
  93  5:56  SCV, Marine x2  
  98  6:00  Supply Depot  
  98  6:01  SCV  
  98  6:02  Marine  
  98  6:03  SCV  
  98  6:04  Widow Mine  
  103  6:06  Refinery  
  103  6:08  SCV  
  104  6:12  Factory  
  104  6:13  SCV  
  104  6:14  Marine  
  104  6:15  SCV  
  104  6:17  Widow Mine  
  109  6:20  Barracks Reactor  
  109  6:22  Barracks Reactor, SCV, Marine x2  
  109  6:25  Widow Mine  
  115  6:28  Command Center  
  115  6:31  Marine x2  
  116  6:33  Supply Depot, Marine  
  116  6:39  Marine x2  
  113  6:42  Widow Mine  
  117  6:48  Refinery  
  117  6:50  Supply Depot  
  117  6:54  Armory  
  117  6:55  Medivac x2, Marine x3  
  117  6:57  Marine  
  125  7:09  Supply Depot  
  125  7:11  Marine x2  
  125  7:12  Widow Mine x2  
  125  7:14  Barracks  
  133  7:16  Barracks  
  133  7:17  Barracks  
  133  7:18  Supply Depot  
  133  7:21  Factory Tech Lab, Marine x2  
  133  7:26  Sensor Tower  
  133  7:28  SCV x3, Marine x5  
  133  7:29  Marine  
  119  7:30  Marine  
  119  7:33  Widow Mine x2  
  119  7:37  Medivac x2  
  126  7:39  Marine x2  
  126  7:41  Widow Mine, Drilling Claws  
  132  7:46  Marine x2  
  132  7:49  Terran Infantry Weapons Level 2  
  134  7:54  Marine x3  
  134  7:55  Widow Mine x2, Terran Infantry Armor Level 2  
  134  7:57  Marine x3  
  144  8:00  Missile Turret  
  144  8:02  Missile Turret, Widow Mine  
  144  8:05  Missile Turret  
  146  8:08  Missile Turret  
  146  8:10  Missile Turret  
  146  8:12  SCV  
  147  8:15  Planetary Fortress  
  147  8:16  Marine  
  147  8:19  Marine  
  137  8:20  Marine  
  137  8:22  Barracks Tech Lab x2  
  137  8:23  Barracks Tech Lab  
  137  8:24  SCV x2  
  137  8:25  Widow Mine, Marine  
  137  8:26  Marine  
  140  8:29  Terran Vehicle And Ship Armor Level 1  
  140  8:31  Marine  
  140  8:32  Supply Depot  
  139  8:37  Widow Mine, Marine  
  139  8:40  Missile Turret x2  
  142  8:41  Widow Mine  
  142  8:42  Marauder  
  142  8:45  Marauder, Marine  
  142  8:47  Marine x2  
  140  8:49  Medivac  
  140  8:51  Widow Mine  
  140  8:53  Marine x3  
  143  8:55  Medivac  
  143  9:02  Widow Mine  
  143  9:03  SCV  
  143  9:04  SCV x2, Missile Turret  
  143  9:05  SCV, Sensor Tower  
  145  9:13  Thor  
  145  9:15  SCV  
  145  9:16  SCV x2  
  154  9:18  Marine  
  154  9:20  Marine x2  
  157  9:24  Supply Depot, Marauder  
  157  9:25  Marauder, Marine x2  
  157  9:27  Marauder x2, Marine  
  172  9:31  Widow Mine x2  
  170  9:39  Missile Turret  
  170  9:40  Marine x2  
  170  9:41  Missile Turret, Marine  
  171  9:46  Marauder x2  
  171  9:48  Marine x2  
  171  9:49  Marauder x2, Marine x2  
  180  9:53  Supply Depot  
  180  9:54  Medivac, Widow Mine x2, Marine  
  187  10:02  Missile Turret  
  187  10:03  Missile Turret  
  187  10:04  Medivac  
  185  10:08  Marauder  
  185  10:09  Marine  
  185  10:10  Command Center, Marauder  
  185  10:13  Marine  
  187  10:18  Thor  
  193  10:24  Medivac  
  193  10:26  Marine  
  193  10:27  Marine x2  
  194  10:28  Marine  
  194  10:29  Marine  
  194  10:31  Command Center  
  192  10:36  Missile Turret  
  192  10:38  Missile Turret  
  192  10:43  Concussive Shells  
  192  10:46  Supply Depot  
  185  10:57  Terran Infantry Armor Level 3  
  185  11:01  Supply Depot, Marine  
  185  11:02  Marauder, Marine x4  
  180  11:04  Terran Vehicle And Ship Armor Level 2  
  180  11:06  Terran Infantry Weapons Level 3  
  180  11:07  Widow Mine, Marauder, Marine  
  180  11:08  Widow Mine  
  187  11:14  Supply Depot, Refinery  
  187  11:16  Supply Depot  
  187  11:17  Marauder  
  185  11:19  Widow Mine  
  185  11:24  Medivac x2  
  162  11:26  Marine x2  
  162  11:29  Widow Mine, Marine x6  
  162  11:31  Marauder  
  162  11:32  Marauder  
  176  11:34  Marauder  
  176  11:38  Missile Turret  
  176  11:40  Missile Turret  
  176  11:41  Widow Mine  
  176  11:46  SCV x4  
  182  11:52  Thor  
  188  11:57  Widow Mine  
  188  11:58  SCV x4  
  194  12:04  Marine x2  
  194  12:06  Marine  
  194  12:07  Marine x2  
  199  12:08  Marine  
  199  12:11  Marine x2  
  199  12:13  SCV  
  199  12:15  Command Center, Marine  
  196  12:17  Marine x3  
  196  12:22  Marine x2  
  198  12:25  Widow Mine, Marine x2  
  198  12:26  SCV  
  198  12:27  Marine x2  
  197  12:30  Widow Mine  
  197  12:31  Marine  
  200  12:45  Command Center  
  200  12:46  Missile Turret  
  200  12:48  Missile Turret  
  200  12:54  Ghost Academy  
  200  12:59  Command Center  
  200  13:04  Medivac  
  199  13:07  Widow Mine  
  199  13:08  Marauder, Marine  
  199  13:10  Marine x2  
  200  13:13  Missile Turret  
  200  13:19  Missile Turret  
  199  13:21  Missile Turret  
  198  13:28  SCV x2  
  198  13:32  SCV  
  199  13:37  Missile Turret, Sensor Tower  
  199  13:38  Marine  
  199  13:39  Marine  
  199  13:46  Terran Vehicle And Ship Armor Level 3  
  199  13:53  Widow Mine  
  199  13:54  Liberator x2, Marauder, Marine  
  199  13:55  Marauder x3  
  200  14:05  Widow Mine  
  191  14:12  Widow Mine, Marine x2  
  191  14:13  Marine x2  
  191  14:15  Planetary Fortress  
  191  14:16  Marauder  
  199  14:23  Orbital Command x2  
  200  14:31  Marauder  
  200  14:33  Missile Turret  
  200  14:35  Missile Turret  
  200  14:36  Command Center, Ghost  
  198  14:38  Neosteel Armor  
  198  14:39  Refinery  
  198  14:40  Command Center  
  198  14:43  Marauder  
  198  14:45  Medivac  
  200  14:49  Personal Cloaking  
  200  14:58  Widow Mine  
  200  15:03  Marine  
  200  15:04  Marine  
  199  15:08  Ghost  
  199  15:09  Ghost  
  199  15:13  Widow Mine, Ghost  
  198  15:15  Marine  
  199  15:27  Command Center  
  192  15:28  Widow Mine, Ghost  
  192  15:31  Marine  
  192  15:34  Widow Mine, Marine  
  190  15:37  Liberator, Ghost  
  190  15:38  Ghost  
  190  15:41  Liberator  
  199  15:46  Marauder  
  199  15:48  Widow Mine  
  198  15:52  Widow Mine  
  198  15:56  Orbital Command  
  200  16:05  Ghost  
  200  16:07  Missile Turret  
  200  16:08  Missile Turret x2  
  200  16:09  Widow Mine  
  200  16:13  Missile Turret  
  200  16:23  Ghost  
  185  16:25  Ghost  
  185  16:26  Widow Mine  
  185  16:27  Marine, Ghost  
  185  16:28  Planetary Fortress  
  185  16:29  Medivac  
  185  16:30  SCV  
  185  16:32  Widow Mine, Marine  
  158  16:34  Ghost  
  158  16:35  Marine  
  158  16:38  SCV  
  162  16:40  SCV, Widow Mine  
  163  16:47  SCV, Widow Mine  
  163  16:52  SCV x2, Ghost  
  164  16:55  Missile Turret  
  164  16:57  SCV  
  165  17:02  Widow Mine, Marine  
  156  17:09  Widow Mine  
  156  17:11  Marine x2  
  156  17:15  SCV  
  132  17:19  SCV  
  132  17:20  SCV  
Show
View Real Time Build Order
Export as new Build Order

Serral Zerg 

Build Orders: Hatch First 

Get SALT Encoding   

  12  0:00  Drone  
  13  0:12  Overlord  
  13  0:16  Drone  
  14  0:30  Drone x2  
  16  0:48  Hatchery  
  15  0:50  Drone  
  15  0:54  Drone  
  17  0:57  Drone  
  18  1:08  Extractor  
  17  1:12  Spawning Pool  
  17  1:15  Drone  
  17  1:19  Drone  
  18  1:27  Drone  
  19  1:38  Drone  
  20  1:49  Drone  
  21  2:00  Queen x2  
  21  2:01  Zergling x4  
  27  2:10  Drone  
  27  2:14  Overlord  
  28  2:22  Hatchery  
  27  2:27  Drone  
  27  2:33  Drone x3  
  30  2:37  Metabolic Boost  
  30  2:46  Queen  
  30  2:49  Overlord  
  32  2:51  Drone  
  32  2:55  Drone  
  32  2:56  Drone  
  35  3:04  Drone  
  36  3:07  Overlord  
  36  3:09  Drone x3  
  39  3:14  Queen  
  39  3:15  Drone  
  39  3:17  Drone  
  43  3:24  Queen  
  45  3:27  Drone  
  45  3:31  Drone  
  45  3:33  Queen  
  49  3:35  Overlord  
  49  3:40  Zergling x2  
  52  3:41  Drone x2  
  52  3:45  Drone x2  
  54  3:49  Overlord  
  54  3:50  Zergling x2  
  54  3:52  Drone  
  54  3:55  Queen  
  58  3:57  Drone  
  58  3:58  Drone  
  58  4:01  Zergling x2  
  61  4:05  Drone x2  
  61  4:09  Queen  
  64  4:15  Zergling x2  
  64  4:16  Overlord  
  66  4:17  Drone x3  
  66  4:20  Queen  
  70  4:24  Zergling x2  
  70  4:27  Drone  
  70  4:28  Drone  
  73  4:32  Lair  
  73  4:35  Baneling Nest, Extractor  
  73  4:38  Drone x4  
  75  4:46  Hatchery  
  75  4:47  Overlord  
  75  4:49  Drone  
  75  4:50  Drone  
  75  4:52  Drone, Extractor  
  76  4:54  Drone x2  
  76  4:58  Queen  
  80  5:03  Drone  
  80  5:04  Overlord  
  80  5:05  Overlord  
  80  5:06  Drone  
  82  5:07  Extractor  
  82  5:08  Extractor  
  82  5:09  Drone x2  
  82  5:10  Drone  
  83  5:15  Zergling x4  
  83  5:18  Zergling x2  
  83  5:19  Zergling x4  
  88  5:23  Zergling x4  
  88  5:24  Zergling x2  
  91  5:29  Drone  
  91  5:30  Drone x2, Centrifugal Hooks  
  91  5:34  Evolution Chamber  
  91  5:35  Drone x3, Evolution Chamber  
  95  5:36  Extractor  
  94  5:42  Zergling x2  
  94  5:43  Zergling x2  
  94  5:44  Drone, Overlord  
  94  5:46  Drone x2  
  98  5:50  Drone x2  
  98  5:54  Overlord  
  98  5:55  Overseer, Drone  
  98  5:56  Drone  
  98  5:57  Drone  
  103  6:00  Baneling x8  
  103  6:05  Zerg Ground Armor Level 1, Zerg Melee Weapons Level 1  
  103  6:09  Drone  
  104  6:11  Spore Crawler, Drone  
  104  6:16  Spire  
  104  6:17  Drone x2  
  105  6:18  Drone x2  
  105  6:24  Drone x5  
  112  6:27  Overlord  
  112  6:28  Drone x2  
  114  6:36  Zergling x8  
  114  6:39  Zergling x6  
  119  6:43  Overlord x2  
  119  6:44  Overseer  
  119  6:45  Queen  
  119  6:46  Pneumatized Carapace  
  121  6:48  Baneling x2  
  121  6:49  Extractor  
  121  6:52  Zergling x10  
  125  6:56  Baneling x2  
  125  6:57  Baneling x3  
  125  7:00  Zergling x4  
  127  7:01  Zergling x4  
  127  7:07  Zergling x10  
  134  7:10  Drone, Extractor  
  134  7:12  Drone x4  
  134  7:14  Drone x4  
  142  7:16  Drone  
  142  7:17  Drone, Overlord  
  142  7:20  Overlord  
  126  7:32  Mutalisk x8  
  126  7:36  Zerg Flyer Weapons Level 1, Mutalisk  
  142  7:40  Mutalisk  
  142  7:42  Baneling x3  
  142  7:43  Overseer  
  142  7:44  Zergling x14  
  153  7:46  Drone  
  153  7:48  Overlord  
  153  7:53  Zergling x8  
  153  7:57  Zergling x2  
  158  8:01  Zergling x2  
  158  8:03  Zerg Melee Weapons Level 2, Zerg Ground Armor Level 2  
  159  8:06  Overlord  
  159  8:07  Mutalisk  
  161  8:17  Mutalisk x3  
  166  8:25  Overlord x3  
  166  8:28  Infestation Pit, Baneling  
  166  8:29  Baneling  
  166  8:31  Spore Crawler, Drone  
  165  8:40  Hatchery  
  164  8:42  Zergling x20, Baneling x6  
  167  8:49  Zergling x6  
  167  8:54  Infestation Pit  
  167  8:55  Baneling x8, Mutalisk x2  
  168  9:01  Zergling x2  
  168  9:02  Zergling x18  
  174  9:12  Mutalisk x4  
  182  9:19  Baneling x5  
  182  9:21  Zergling x8  
  182  9:23  Hatchery  
  185  9:28  Baneling x6  
  186  9:38  Zergling x22  
  186  9:39  Zergling x6  
  186  9:41  Drone  
  188  9:49  Baneling x4  
  188  9:51  Drone x4  
  188  9:52  Overseer  
  190  9:54  Drone  
  190  9:56  Baneling x8  
  190  9:57  Drone x5  
  196  10:02  Drone  
  196  10:05  Zergling x6  
  200  10:13  Zerg Flyer Weapons Level 2  
  199  10:16  Hive  
  189  10:32  Mutalisk x6  
  189  10:34  Zergling x14  
  199  10:37  Baneling x3  
  199  10:45  Spore Crawler, Hatchery  
  199  10:48  Zergling x6  
  199  10:53  Zergling x14  
  199  10:54  Baneling x2  
  199  10:55  Baneling x6  
  193  11:05  Zergling x14  
  200  11:14  Baneling x9  
  199  11:25  Zergling x20  
  198  11:33  Baneling x14  
  198  11:34  Zerg Melee Weapons Level 3  
  198  11:39  Extractor  
  197  11:40  Extractor  
  197  11:44  Drone x3  
  197  11:45  Zerg Ground Armor Level 3  
  199  11:56  Adrenal Glands  
  197  12:05  Zergling x2  
  197  12:06  Zergling x4  
  197  12:08  Overseer  
  199  12:09  Hatchery  
  199  12:11  Baneling x5  
  199  12:12  Baneling x8  
  198  12:19  Zergling x4  
  200  12:22  Spore Crawler  
  200  12:24  Spore Crawler  
  200  12:29  Zerg Flyer Armor Level 1  
  198  12:35  Zergling x4  
  188  12:44  Ultralisk Cavern  
  188  12:47  Zergling x26  
  200  12:53  Baneling x10  
  200  13:00  Baneling x5  
  200  13:01  Baneling x8  
  195  13:07  Zergling x10  
  195  13:11  Zergling x2  
  200  13:16  Overlord x2, Burrow  
  199  13:22  Baneling x15  
  198  13:29  Zergling x2  
  198  13:31  Chitinous Plating  
  195  13:35  Zergling x10  
  193  13:53  Ultralisk x3  
  193  13:54  Zergling x2, Ultralisk  
  193  13:55  Zergling x6  
  200  13:59  Zergling x4  
  184  14:10  Zergling x38  
  184  14:14  Zergling x12  
  184  14:17  Baneling x4  
  199  14:26  Overseer  
  199  14:27  Overseer  
  199  14:29  Zergling x2  
  200  14:32  Zerg Flyer Weapons Level 3  
  198  14:47  Baneling x3, Overseer  
  198  14:49  Anabolic Synthesis  
  198  14:53  Zergling x4  
  198  14:56  Spore Crawler  
  199  15:04  Zergling x2  
  199  15:05  Zergling x2  
  200  15:14  Zergling x6  
  192  15:31  Zergling x10  
  192  15:40  Hatchery  
  192  15:42  Overlord x2  
  180  15:46  Corruptor x5  
  189  15:51  Overseer  
  189  15:53  Zergling x2  
  189  15:54  Overlord x2  
  189  15:55  Baneling x3  
  189  15:56  Baneling x3  
  189  16:00  Hatchery  
  189  16:01  Baneling x2  
  188  16:04  Zergling x12  
  188  16:05  Zergling x16  
  188  16:08  Zergling x22  
  199  16:18  Hydralisk Den  
  178  16:27  Zergling x2  
  178  16:28  Zergling x30  
  174  16:32  Zergling x2  
  174  16:33  Zergling x2  
  159  16:45  Zergling x22  
  159  16:46  Overseer  
  159  16:47  Baneling x12  
  167  16:50  Corruptor x6  
  177  16:57  Hatchery  
  175  17:04  Zergling x4  
  175  17:05  Zergling x14  
  176  17:10  Zergling x8  
  145  17:20  Zergling x2  
  145  17:21  Zergling x12  
  139  17:32  Hatchery  
Tags
 
Add a new tag
Caveats
  • Supply blocks, unpowered buildings, or Contaminate may cause inaccurate times.
  • Supply counts are checked every 10 seconds.